 Dungeon Crawl Stone Soup version 0.27.1-34-g3ba077fa99 (webtiles) character file.

Game seed: 12746775412836847857

264580 DerDa the Spry (level 20, -1/155 HPs)
             Began as a Djinni Hedge Wizard on Jan 5, 2022.
             Was the Champion of Qazlal.
             Slain by an ettin (34 damage)
             ... on level 1 of the Depths on Jan 6, 2022.
             The game lasted 04:27:06 (55762 turns).

DerDa the Spry (Djinni Hedge Wizard)               Turns: 55762, Time: 04:27:06

Health: -1/155     AC: 11    Str: 13      XL:     20   Next: 87%
Gold:   2459       EV: 21    Int: 25 (28) God:    Qazlal [******] SH: 20 Dex: 18

rFire    + + +     SeeInvis .   N - +11 rapier of Pyromania {venom, Int+2}
rCold    x . .     Faith    .   h - +2 buckler
rNeg     . . .     Spirit   .   b - +1 ring mail of Sineog {Regen+ Int+2}
rPois    ∞         Reflect  +   S - +1 helmet of Roropeh {Fly rF++}
rElec    +         Harm     .   (no cloak)
rCorr    .         Rampage  .   D - +2 pair of gloves of Votod {Str+4 Dex+4}
Will     +++..                  (boots unavailable)
Stlth    +.........             W - amulet of reflection
HPRegen  1.35/turn              G - ring of wizardry
MPRegen  0.00/turn              R - ring of Xeirphi {rElec Will+}

@: protected from fire, flying, repel missiles
A: sickness immunity, fire resistance 2, cold vulnerability 1, float, innate
caster, hp casting, extra vitality 1
}: 2/15 runes: serpentine, barnacled
a: Renounce Religion, Upheaval, Elemental Force, Disaster Area


You were on level 1 of the Depths.
You worshipped Qazlal.
Qazlal was exalted by your worship.
You visited 8 branches of the dungeon, and saw 34 of its levels.
You also visited: Ossuary.

You collected 3550 gold pieces.
You spent 1091 gold pieces at shops.

Inventory:

Hand Weapons
 c - the +5 scimitar of Virecs {venom, *Noise rPois rF+ SInv}
   (You bought it in a shop on level 2 of the Orcish Mines)

   It poisons the flesh of those it strikes.
   rF:        It protects you from fire.
   rPois:     It protects you from poison.
   SInv:      It lets you see invisible.
   *Noise:    It may make noises in combat.
 d - the +8 whip of Grandeur {drain, +Rage Str+4}
   (You found it on level 5 of the Lair of Beasts)

   A truly terrible weapon, it drains the life of any living foe it strikes.
   Str:       It affects your strength (+4).
   +Rage:     It lets you go berserk.
 y - a +2 falchion of holy wrath
 N - the +11 rapier of Pyromania (weapon) {venom, Int+2}
   (You found it on level 6 of the Lair of Beasts)

   It poisons the flesh of those it strikes.
   Int:       It affects your intelligence (+2).
Missiles
 C - 3 throwing nets
Armour
 b - the +1 ring mail of Sineog (worn) {Regen+ Int+2}
   (You found it on level 10 of the Dungeon)

   Int:       It affects your intelligence (+2).
   Regen:     It increases your rate of health regeneration.
 h - a +2 buckler (worn)
 n - a +2 robe of the Archmagi
 B - the +2 scale mail of Uskayaw's Favour {rC+++ rN+ Will- Int+4}
   (You found it on level 4 of the Shoals)

   Int:       It affects your intelligence (+4).
   rC:        It renders you almost immune to cold.
   rN:        It protects you from negative energy.
   Will:      It decreases your willpower.
 D - the +2 pair of gloves of Votod (worn) {Str+4 Dex+4}
   (You bought it in a shop on level 2 of the Orcish Mines)

   Str:       It affects your strength (+4).
   Dex:       It affects your dexterity (+4).
 P - a +2 tower shield
 S - the +1 helmet of Roropeh (worn) {Fly rF++}
   (You found it on level 9 of the Dungeon)

   rF:        It greatly protects you from fire.
   Fly:       It grants you flight.
 X - a +2 robe of cold resistance
Jewellery
 p - a ring of wizardry
 G - a ring of wizardry (left hand)
 R - the ring of Xeirphi (right hand) {rElec Will+}
   (You took it off a kobold on level 9 of the Dungeon)

   [ring of willpower]

   rElec:     It insulates you from electricity.
   Will:      It increases your willpower.
 W - an amulet of reflection (around neck)
Wands
 s - a wand of mindburst (28)
 H - a wand of acid (36)
 O - a wand of iceblast (21)
 U - a wand of digging (13)
 V - a wand of paralysis (39)
Scrolls
 f - a scroll of summoning
 j - 4 scrolls of fog
 k - 11 scrolls of immolation
 m - 7 scrolls of magic mapping
 q - 3 scrolls of blinking
 t - 8 scrolls of enchant armour
 u - 6 scrolls of vulnerability
 v - 3 scrolls of torment
 w - 4 scrolls of enchant weapon
 x - a scroll of brand weapon {unknown}
 A - 2 scrolls of holy word
 E - 10 scrolls of teleportation
 L - 4 scrolls of fear
 T - 2 scrolls of silence
 Z - 3 scrolls of identify
Potions
 e - 11 potions of heal wounds
 g - 4 potions of might
 i - 10 potions of curing
 l - 3 potions of invisibility
 o - 7 potions of mutation
 r - 4 potions of brilliance
 F - 4 potions of cancellation
 J - 3 potions of ambrosia
 K - 7 potions of haste
 M - 2 potions of attraction
 Q - a potion of berserk rage
 Y - 2 potions of resistance
Miscellaneous
 a - a phial of floods
 z - a box of beasts
 I - a condenser vane


   Skills:
 * Level 17.5 Fighting
 * Level 19.0 Dodging
 - Level 1.5 Stealth
 - Level 4.0 Shields
 * Level 14.2 Spellcasting
 + Level 12.5 Invocations
 + Level 10.7 Evocations


You couldn't memorise any spells.
You knew the following spells:

 Your Spells              Type           Power      Damage    Failure   Level
a - Magic Dart            Conj           100%       1d8       0%          1
b - Blink                 Tloc           N/A        N/A       1%          2
c - Call Imp              Summ           73%        N/A       1%          2
d - Slow                  Hex            73%        N/A       1%          2
e - Conjure Flame         Conj/Fire      73%        6-21      1%          3
f - Mephitic Cloud        Conj/Pois/Air  73%        N/A       1%          3
g - Corpse Rot            Necr/Air       N/A        N/A       1%          2
h - Tukima's Dance        Hex            73%        N/A       1%          3
i - Teleport Other        Tloc           73%        N/A       1%          3
j - Fireball              Conj/Fire      36%        3d15      1%          5
k - Lee's Rapid Deconstr  Erth           36%        3d19*     1%          5
l - Starburst             Conj/Fire      36%        6d11      1%          6
m - Summon Hydra          Summ           36%        N/A       7%          7
n - Ozocubu's Refrigerat  Ice            36%        4d12      7%          7
u - Foxfire               Conj/Fire      100%       2x1d9     0%          1
Your spell library was empty.

Dungeon Overview and Level Annotations

Branches:
Dungeon (15/15)            Temple (1/1) D:6            Lair (6/6) D:9
 Shoals (4/4) Lair:3        Snake (4/4) Lair:4        Slime (0/5) Lair:6
    Orc (2/2) D:9             Elf (1/3) Orc:2        Vaults (0/5) D:13
 Depths (1/5) D:15        Ossuary (visited)

Altars:
Cheibriados
Dithmenos
Elyvilon
Fedhas
Gozag
Kikubaaqudgha
Makhleb
Nemelex Xobeh
Okawaru
Qazlal
Ru
Sif Muna
Trog
Uskayaw
Vehumet
Wu Jian
Yredelemnul
Zin
The Shining One
Jiyva
Lugonu

Shops:
Orc:2 [*((?   Snake:1 *

Portals:
Abyss: Lair:6
Pandemonium: Depths:1

Annotations:
Lair:5 Adireryl's ghost, journeyman HOFi
Lair:6 1 runed translucent door


Innate Abilities, Weirdness & Mutations

You are immune to sickness and miasma.
You are immune to poison.
Your flesh is very heat resistant. (rF++)
You are vulnerable to cold. (rC-)
You float through the air rather than walking.
You learn spells naturally, not from books.
Your magical power is your life essence.
You have superior vitality. (+4 HP)


Message History

The fire dragon is moderately wounded.
You block the fire dragon's attack. x2
The fire dragon tramples you but does no damage.
You puncture the fire dragon!
The fire dragon is moderately wounded.
You hear a shout!
The ettin seems less confused.
The fire dragon bites you.
You feel more protected from physical attacks.
You block the fire dragon's attack. The fire dragon barely misses you.
The ettin is engulfed in noxious fumes.
The ettin appears confused.
You puncture the fire dragon!
The fire dragon is poisoned.
The fire dragon is heavily wounded.
The fire dragon breathes flames at you. The blast of flame misses you.
You hear a sizzling sound!
The ettin is engulfed in noxious fumes.
The ettin barely misses the fire dragon.
The ettin hits the fire dragon with a +1 great mace of protection!!
The ettin hits itself with a +0 dire flail!!
The ettin hits itself with a +1 great mace of protection!!!
You hit the fire dragon.
The fire dragon is almost dead.
The fire dragon bites you but does no damage.
You block the fire dragon's attack. The fire dragon closely misses you.
A lich comes into view.
The fire dragon breathes flames at you. The blast of flame hits you!
You resist.
Your resistance to physical damage fades away.
You feel protected from fire.
You hear a sizzling sound!
You barely miss the fire dragon.
The fire dragon is almost dead.
The ettin hits the fire dragon with a +0 dire flail!!
The fire dragon is killed!
Qazlal accepts your kill.
The ettin seems less confused.
The ettin hits you with a +0 dire flail!
* * * LOW HITPOINT WARNING * * *
The ettin hits you with a +1 great mace of protection!!
You die...

#. #. #. .. ####+#. ...
.......####+###...
.......#..........
......§#..........
.......C°.°........
......)#@○.........
.......#..☼....[..≈
########§§......≈≈#
#........§.§...≈≈#
#..........)...≈##
#..............≈#
#####'##.......≈##
#.....##.......≈≈###≈
#...............≈≈#≈###≈


You could see an ettin.

Vanquished Creatures
  Jorgrun (Shoals:2)
  Agnes (D:14)
  Frances (Shoals:1)
  Kirke (Lair:3)
  The ghost of Razfen the Cruncher, an adept GnWn of Ashenzari (Snake:2)
  A tengu reaver (D:10)
  11 nagarajas
  The ghost of Kaptain the Geomancer, a journeyman DsEE (Snake:1)
  2 stone giants (Depths:1)
  Nessos (Lair:6)
  4 merfolk javelineers
  3 ettins
  4 fire dragons
  The ghost of Karpo the Geomancer, a journeyman GrEE of Vehumet (Lair:3)
  8 merfolk impalers
  An ice dragon (Depths:1)
  13 naga warriors
  A rakshasa (Depths:1)
  Fannar (D:11)
  5 boulder beetles
  2 vault guards (D:13)
  Erolcha (D:11)
  4 ogre magi (Orc:2)
  2 salamander tyrants
  11 hydras
  4 merfolk avatars
  7 anacondas
  4 centaur warriors
  2 satyrs (Shoals:3)
  A dancing weapon (Orc:2)
  6 merfolk aquamancers
  An alligator snapping turtle (Shoals:4)
  22 two-headed ogres
  5 death yaks
  5 tengu warriors
  3 thrashing horrors (Lair:6)
  A vampire mage (Depths:1)
  7 shock serpents
  9 naga sharpshooters
  8 salamander mystics
  A skeletal warrior (D:14)
  12 sea snakes
  A glowing orange brain (Depths:1)
  A flayed ghost (Depths:1)
  28 harpies
  A kraken simulacrum (Shoals:4)
  2 deep elf archers
  10 mana vipers
  4 naga ritualists
  4 orc knights
  An obsidian statue (Snake:1)
  3 deep elf pyromancers
  2 lindwurms (Lair:3)
  19 ugly things
  A large abomination (Lair:6)
  An orb spider (shapeshifter) (D:14)
  8 cyclopes
  2 moths of wrath (Lair:3)
  19 manticores
  4 orc sorcerers
  An oklob plant (Lair:1)
  27 fauns
  24 salamanders
  12 water nymphs
  35 black mambas
  5 guardian serpents
  12 naga magi
  10 merfolk sirens
  2 gargoyles
  A smoke demon (Lair:6)
  A torpor snail (Lair:6)
  5 cane toads
  An efreet (D:14)
  A kobold demonologist (D:9)
  6 rime drakes
  8 komodo dragons
  A tengu conjurer (D:14)
  A yaktaur (Shoals:1)
  A freezing wraith (D:10)
  An ancient zyme (Lair:6)
  A troll (Orc:2)
  9 wind drakes
  2 polar bears
  A hornet (shapeshifter) (Lair:6)
  A wolf spider simulacrum (D:15)
  23 merfolk
  8 slime creatures
  2 hornets
  19 dream sheep
  27 blink frogs
  9 snapping turtles
  2 shadows
  2 tarantellas (Lair:3)
  An air elemental (Orc:2)
  A redback (Lair:3)
  5 spriggans (Lair:3)
  3 wraiths (D:12)
  A ynoxinul (Lair:6)
  5 wyverns
  56 yaks
  A vampire (D:11)
  10 humans
  15 water elementals
  A fire elemental (Elf:1)
  8 small abominations (Lair:6)
  5 basilisks
  A steam dragon (D:8)
  3 hogs (Shoals:1)
  6 vampire mosquitoes
  3 chaos spawn (Lair:6)
  2 wargs
  An acid dragon (D:11)
  39 nagas
  10 water moccasins
  Duvessa (D:7)
  3 ice beasts
  21 orc warriors
  32 ogres
  2 necrophages (D:6)
  14 centaurs
  A phantom (D:7)
  3 kobold brigands
  24 wolves
  9 bullfrogs
  2 scorpions
  A water moccasin zombie (D:7)
  A gnoll sergeant (D:10)
  18 killer bees
  9 wights
  A howler monkey (D:7)
  An electric eel (D:7)
  A bullfrog zombie (D:7)
  3 lava snakes (Lair:3)
  2 jellies
  6 hounds
  Crazy Yiuf (D:6)
  13 orc priests
  A centaur skeleton (D:6)
  2 gnoll shamans
  6 iguanas
  Ijyb (D:5)
  19 orc wizards
  5 hell rats
  2 killer bee zombies
  2 centaur simulacra
  3 mummies (Ossuary)
  A howler monkey zombie (D:9)
  20 gnolls
  5 adders
  4 shadow imps
  A white imp (D:6)
  An ufetubus (D:5)
  2 worms
  A dart slug (D:3)
  77 orcs
  5 ball pythons
  4 bats
  6 endoplasms
  2 giant cockroaches
  3 goblins
  6 hobgoblins
  4 jackals (D:2)
  10 kobolds
  5 quokkas
  3 goblin zombies (Ossuary)
  A hobgoblin zombie (Ossuary)
  2 kobold zombies (Ossuary)
  4 rats
  A bush (D:6)
  A tentacle (Shoals:4)
1108 creatures vanquished.

Vanquished Creatures (collateral kills)
  A merfolk impaler (Shoals:4)
  An anaconda (Snake:1)
  A naga sharpshooter (Snake:1)
  A shock serpent (Snake:1)
  A glowing orange brain (shapeshifter) (Lair:6)
  3 mana vipers (Snake:1)
  A black mamba (Snake:1)
  A cane toad (Lair:2)
  A naga mage (Snake:1)
  Grinder (D:5)
  A slime creature (D:8)
  A wraith (Ossuary)
  2 nagas (Lair:4)
  A black bear (D:7)
  A wight (D:10)
  An iguana (D:5)
  A mummy (D:7)
  A gnoll (D:2)
  A shadow imp (D:7)
  3 orcs
  An endoplasm (D:2)
  4 foxfires (D:6)
30 creatures vanquished.

Vanquished Creatures (others)
  A merfolk aquamancer (Shoals:4)
  A wizard (Depths:1)
  A manticore (Shoals:4)
  A merfolk (Shoals:4)
  A snapping turtle (Shoals:4)
  A human (D:13)
  A dancing weapon (D:10)
  A centaur (D:11)
  An orc (Orc:2)
  A bush (D:9)
  296 foxfires
  35 fungi
  172 plants
  3 tentacles (Shoals:4)
516 creatures vanquished.

Grand Total: 1654 creatures vanquished

Notes
Turn   | Place    | Note
-------+----------+-------------------------------------------
     0 | D:1      | DerDa the Djinni Hedge Wizard began the quest for the Orb.
     0 | D:1      | Reached XP level 1. HP: 15/15 MP: 0/0
   633 | D:1      | Reached XP level 2. HP: 13/22 MP: 0/0
  1333 | D:2      | Reached skill level 1 in Fighting
  1455 | D:2      | Reached XP level 3. HP: 20/27 MP: 0/0
  1455 | D:2      | Learned a level 1 spell: Foxfire
  2063 | D:2      | Reached XP level 4. HP: 19/32 MP: 0/0
  2065 | D:2      | Reached skill level 3 in Dodging
  2418 | D:2      | Reached skill level 1 in Shields
  2624 | D:2      | Found a faded altar of an unknown god.
  2992 | D:3      | Reached XP level 5. HP: 21/38 MP: 0/0
  2992 | D:3      | Learned a level 2 spell: Corpse Rot
  3499 | D:3      | Found a stormy altar of Qazlal.
  3514 | D:3      | Became a worshipper of Qazlal Stormbringer
  3804 | D:3      | Noticed a bullfrog
  3810 | D:3      | Killed a bullfrog
  3811 | D:3      | Reached XP level 6. HP: 32/45 MP: 0/0
  4369 | D:4      | Reached skill level 4 in Dodging
  4671 | D:4      | Noticed an ogre
  4680 | D:4      | Killed an ogre
  4681 | D:4      | Reached XP level 7. HP: 42/50 MP: 0/0
  4681 | D:4      | Learned a level 3 spell: Tukima's Dance
  4846 | D:4      | Found a sacrificial altar of Ru.
  5115 | D:5      | Entered Level 5 of the Dungeon
  5115 | D:5      | Noticed Grinder
  5546 | D:5      | Paralysed by Grinder for 6 turns
  6246 | D:5      | Killed Grinder
  6247 | D:5      | Reached skill level 5 in Dodging
  6247 | D:5      | Reached XP level 8. HP: 45/58 MP: 0/0
  6396 | D:5      | Reached * piety under Qazlal
  6541 | D:5      | Noticed Ijyb
  6549 | D:5      | Killed Ijyb
  6590 | D:5      | Reached skill level 1 in Invocations
  6889 | D:5      | Found an opulent altar of Gozag.
  6889 | D:5      | Found a glowing silver altar of Zin.
  7053 | D:6      | Found a staircase to the Ecumenical Temple.
  7084 | Temple   | Entered the Ecumenical Temple
  7439 | D:6      | Reached skill level 6 in Dodging
  7531 | D:6      | Noticed a wyvern
  7542 | D:6      | Killed a wyvern
  7543 | D:6      | Reached skill level 5 in Fighting
  7543 | D:6      | Reached XP level 9. HP: 57/65 MP: 0/0
  7543 | D:6      | Learned a level 3 spell: Teleport Other
  7744 | D:6      | Reached skill level 5 in Spellcasting
  7878 | D:6      | Found a runed translucent door.
  7879 | D:6      | Noticed Crazy Yiuf
  8074 | D:6      | Identified the +6 quarterstaff "Wuchum" {protect, Int+3
                  | Dex+4}
  8124 | D:6      | Found a glowing golden altar of the Shining One.
  8484 | D:6      | Killed Crazy Yiuf
  8593 | D:7      | Reached skill level 7 in Dodging
  8614 | D:7      | Found a sand-covered staircase.
  8627 | Ossuary  | Entered an ossuary
  8795 | Ossuary  | Reached ** piety under Qazlal
  9523 | D:7      | Found an iron altar of Okawaru.
 10177 | D:7      | Noticed Duvessa
 10195 | D:7      | Killed Duvessa
 10196 | D:7      | Reached XP level 10. HP: 71/73 MP: 0/0
 10790 | D:8      | Reached skill level 8 in Dodging
 11338 | D:8      | Reached *** piety under Qazlal
 12053 | D:9      | Noticed a kobold demonologist
 12122 | D:9      | Reached skill level 9 in Dodging
 12205 | D:9      | Found a staircase to the Orcish Mines.
 12305 | D:9      | Identified the +2 falchion of Psychosis {vorpal, rPois}
 12633 | D:9      | Identified the ring of Xeirphi {rElec Will+}
 12635 | D:9      | Killed a kobold demonologist
 12636 | D:9      | Reached XP level 11. HP: 55/81 MP: 0/0
 12636 | D:9      | Learned a level 5 spell: Fireball
 12638 | D:9      | Reached **** piety under Qazlal
 12666 | D:9      | Identified the +1 helmet of Roropeh {Fly rF++}
 13000 | D:9      | Found a staircase to the Lair.
 13434 | D:9      | Found an ornate altar of the Wu Jian Council.
 13463 | D:10     | Entered Level 10 of the Dungeon
 14006 | D:10     | Reached skill level 5 in Invocations
 14118 | D:10     | Reached skill level 10 in Dodging
 14854 | D:10     | Found a runed translucent door.
 14855 | D:10     | Noticed a cyclops
 14858 | D:10     | Noticed a tengu reaver
 14858 | D:10     | Noticed a deep elf archer
 14860 | D:10     | Noticed an orc warlord
 14871 | D:10     | Killed a cyclops
 15186 | Lair:1   | Entered Level 1 of the Lair of Beasts
 15489 | Lair:1   | Noticed an oklob plant
 15507 | Lair:1   | Reached ***** piety under Qazlal
 15798 | Lair:1   | Reached XP level 12. HP: 33/90 MP: 0/0
 16278 | Lair:1   | Noticed a four-headed hydra
 16300 | Lair:1   | Killed a four-headed hydra
 16566 | Lair:1   | Reached skill level 11 in Dodging
 16791 | Lair:2   | Reached skill level 10 in Fighting
 17881 | Lair:3   | Found a transporter.
 17889 | Lair:3   | Noticed a four-headed hydra
 17900 | Lair:3   | Killed a four-headed hydra
 17940 | Lair:3   | Noticed Karpo's ghost (journeyman GrEE)
 18003 | Lair:3   | Noticed a spriggan rider
 18108 | Lair:3   | Found a bloodstained altar of Trog.
 18449 | Lair:3   | Found a staircase to the Shoals.
 18805 | Lair:3   | Found a runed translucent door.
 18850 | Lair:3   | Found a transporter.
 19160 | Lair:3   | Identified the +0 hat of True Grit {rPois Dex+2}
 19211 | Lair:3   | Found a runed translucent gate.
 19211 | Lair:3   | Found a runed translucent gate.
 19211 | Lair:3   | Found a runed translucent gate.
 19211 | Lair:3   | Found a runed translucent gate.
 19211 | Lair:3   | Found a runed translucent gate.
 19211 | Lair:3   | Found a runed translucent gate.
 19211 | Lair:3   | Noticed a boulder beetle
 19211 | Lair:3   | Noticed a boulder beetle
 19697 | Lair:4   | Reached XP level 13. HP: 61/98 MP: 0/0
 19697 | Lair:4   | Learned a level 5 spell: Lee's Rapid Deconstruction
 19703 | Lair:4   | Reached skill level 12 in Dodging
 20456 | Lair:4   | Found a staircase to the Snake Pit.
 20951 | Lair:5   | Noticed a five-headed hydra
 20959 | Lair:5   | Killed a five-headed hydra
 21146 | Lair:5   | Noticed a five-headed hydra
 21154 | Lair:5   | Killed a five-headed hydra
 21155 | Lair:5   | Reached skill level 1 in Evocations
 21628 | Lair:5   | Noticed a five-headed hydra
 21640 | Lair:5   | Killed a five-headed hydra
 21971 | Lair:5   | Noticed a four-headed hydra
 21981 | Lair:5   | Killed a four-headed hydra
 22208 | Lair:5   | Identified the +8 whip of Grandeur {drain, +Rage Str+4}
 22214 | Lair:5   | Found a transporter.
 22220 | Lair:5   | Noticed Adireryl's ghost (journeyman HOFi)
 22505 | Lair:5   | Found a transporter.
 22984 | Lair:6   | Entered Level 6 of the Lair of Beasts
 22985 | Lair:6   | Noticed an eight-headed hydra
 22988 | Lair:6   | Noticed a four-headed hydra
 22994 | Lair:6   | Killed an eight-headed hydra
 22999 | Lair:5   | Killed a four-headed hydra
 23192 | Lair:6   | Identified the +11 rapier of Pyromania {venom, Int+2}
 23243 | Lair:6   | Reached skill level 13 in Dodging
 23507 | Lair:6   | Noticed a five-headed hydra
 23523 | Lair:6   | Killed a five-headed hydra
 23524 | Lair:6   | Reached XP level 14. HP: 86/106 MP: 0/0
 24093 | Lair:6   | Reached ****** piety under Qazlal
 24237 | Lair:6   | Noticed Nessos
 24252 | Lair:6   | Reached skill level 10 in Spellcasting
 24253 | Lair:6   | Killed Nessos
 25409 | Lair:6   | Found a runed translucent door.
 25409 | Lair:6   | Found a viscous altar of Jiyva.
 25720 | Lair:6   | Found a one-way gate to the infinite horrors of the Abyss.
 25878 | Lair:6   | Found a corrupted altar of Lugonu.
 26064 | Lair:6   | Found a staircase to the Slime Pits.
 26276 | Lair:3   | Reached skill level 14 in Dodging
 26747 | Lair:3   | Killed Karpo's ghost
 26748 | Lair:3   | Reached skill level 5 in Evocations
 27338 | Lair:5   | Reached XP level 15. HP: 84/113 MP: 0/0
 27338 | Lair:5   | Learned a level 6 spell: Starburst
 27802 | D:10     | Killed a tengu reaver
 27831 | D:10     | Identified the +1 ring mail of Sineog {Regen+ Int+2}
 28061 | D:11     | Noticed Fannar
 28179 | Orc:1    | Entered Level 1 of the Orcish Mines
 28361 | Orc:2    | Entered Level 2 of the Orcish Mines
 29318 | Orc:2    | Found a staircase to the Elven Halls.
 29390 | Orc:2    | Found Anoves's Magic Scroll Boutique.
 29406 | Orc:2    | Bought a scroll of teleportation for 45 gold pieces
 29406 | Orc:2    | Bought a scroll of identify for 30 gold pieces
 29406 | Orc:2    | Bought a scroll of identify for 30 gold pieces
 29406 | Orc:2    | Bought a scroll of identify for 30 gold pieces
 29406 | Orc:2    | Bought a scroll of identify for 30 gold pieces
 29406 | Orc:2    | Bought a scroll of teleportation for 45 gold pieces
 29426 | Orc:2    | Found Mecenaoc's Armour Boutique.
 29428 | Orc:2    | Found Rowuq's Antique Weapon Emporium.
 29428 | Orc:2    | Found Jeciddus's Weapon Shop.
 29428 | Orc:2    | Found Fuc Xiu's Assorted Antiques.
 29435 | Orc:2    | Bought a pitted scimitar for 279 gold pieces
 29435 | Orc:2    | Identified the +5 scimitar of Virecs {venom, *Noise rPois
                  | rF+ SInv} (You bought it in a shop on level 2 of the Orcish
                  | Mines)
 29437 | Orc:2    | Bought a scroll labelled GORAGOOCWUF for 28 gold pieces
 29465 | Orc:2    | Reached skill level 15 in Dodging
 30076 | Orc:1    | Reached XP level 16. HP: 75/122 MP: 0/0
 30502 | Orc:2    | Bought the +2 pair of gloves of Votod {Str+4 Dex+4} for 574
                  | gold pieces
 30590 | D:11     | Killed Fannar
 30944 | D:11     | Noticed Erolcha
 30952 | D:11     | Killed Erolcha
 31128 | D:11     | You are sucked into a shaft and drop 3 floors!
 31662 | D:12     | Identified the +8 morningstar "Beetlebane" {vorpal, rElec}
 32754 | D:11     | Found a hide-covered altar of Uskayaw.
 32762 | D:11     | Identified the +1 ring mail of Lethargy {rN++ Dex+2}
 33450 | D:13     | Reached skill level 10 in Invocations
 34073 | D:13     | Found a gate to the Vaults.
 34770 | D:14     | Noticed Agnes
 34786 | D:14     | Killed Agnes
 35117 | D:14     | Found a bloodstained altar of Trog.
 35502 | D:15     | Entered Level 15 of the Dungeon
 37372 | D:15     | Found a staircase to the Depths.
 37614 | Shoals:1 | Entered Level 1 of the Shoals
 37614 | Shoals:1 | Noticed Kirke
 37620 | Shoals:1 | Reached XP level 17. HP: 79/130 MP: 0/0
 37620 | Shoals:1 | Learned a level 7 spell: Summon Hydra
 37632 | Lair:3   | Killed Kirke
 37633 | Lair:3   | Reached skill level 16 in Dodging
 38836 | Shoals:1 | Noticed Frances
 38858 | Shoals:1 | Killed Frances
 39621 | Shoals:1 | Reached skill level 15 in Fighting
 40008 | Shoals:2 | Noticed Jorgrun
 40740 | Shoals:2 | Killed Jorgrun
 41805 | Shoals:2 | Reached XP level 18. HP: 131/138 MP: 0/0
 42946 | Shoals:3 | Reached skill level 17 in Dodging
 44292 | Shoals:4 | Entered Level 4 of the Shoals
 45360 | Shoals:4 | Identified the +1 mace of Dung {drain, rCorr MP-9 Str+2
                  | Dex+4}
 45958 | Shoals:4 | Identified the +2 scale mail of Uskayaw's Favour {rC+++ rN+
                  | Will- Int+4}
 46352 | Shoals:4 | Got a barnacled rune of Zot
 46680 | Snake:1  | Entered Level 1 of the Snake Pit
 46692 | Snake:1  | Reached XP level 19. HP: 85/145 MP: 0/0
 46692 | Snake:1  | Learned a level 7 spell: Ozocubu's Refrigeration
 46963 | Snake:1  | Found a runed translucent gate.
 46963 | Snake:1  | Found a runed translucent gate.
 46963 | Snake:1  | Found a runed translucent gate.
 46964 | Snake:1  | Found an opulent altar of Gozag.
 46991 | Snake:1  | Noticed Kaptain's ghost (journeyman DsEE)
 46994 | Snake:1  | Found Qolukkek's Assorted Antiques.
 48546 | Snake:1  | Killed Kaptain's ghost
 49142 | Snake:2  | Reached skill level 18 in Dodging
 49522 | Snake:2  | Found a runed translucent gate.
 49522 | Snake:2  | Noticed Razfen's ghost (adept GnWn)
 49526 | Snake:2  | Found a runed translucent gate.
 49527 | Snake:2  | Found a runed translucent gate.
 51435 | Snake:3  | Reached skill level 10 in Evocations
 52602 | Snake:4  | Entered Level 4 of the Snake Pit
 52792 | Snake:4  | Reached XP level 20. HP: 122/154 MP: 0/0
 54622 | Snake:4  | Got a serpentine rune of Zot
 54816 | Snake:2  | Killed Razfen's ghost
 54861 | Snake:2  | Got the Volume of the Traveller and the Mountains
 55062 | Elf:1    | Entered Level 1 of the Elven Halls
 55127 | Elf:1    | Paralysed by an air elemental for 1 turns
 55342 | Depths:1 | Entered Level 1 of the Depths
 55522 | Depths:1 | Reached skill level 19 in Dodging
 55652 | Depths:1 | Found a one-way gate leading to the halls of Pandemonium.
 55762 | Depths:1 | Slain by an ettin

Illustrated notes

Levels and vault maps discovered:
D:1:      scummos_arrival_hexagon, layout_loops_cross
D:2:      layout_loops_ring, dreamdust_ecumenical_altar_statues
D:3:      layout_rooms, grunt_qazlal_clouds, serial_rivers,
          chequers_serial_rivers_small_a, chequers_serial_rivers_room_a,
          chequers_serial_rivers_micro_a, chequers_serial_rivers_small_b
D:4:      layout_loops_ring, overflow_temple_1_default,
          hangedman_decor_slide_cut
D:5:      layout_basic, grunt_temple_overflow_gold_and_silver,
          nicolae_overflow_hidden_temple, amcnicky_mini_pool_small,
          glass_columns_b, uniq_ijyb, uniq_grinder
D:6:      layout_loops_ring, mainiacjoe_overflow_paths,
          minmay_temple_entry_antechambers, minmay_hedge_maze,
          uniq_crazy_yiuf_cottage
D:7:      layout_rooms, vehumet_altar_wand_db, mainiacjoe_overflow_alcove_2,
          gup_ossuary_entry_pyramid, st_stairs_13, nrook_pool_corridor,
          uniq_duvessa
D:8:      layout_basic, minmay_misc_feat_room
D:9:      layout_roguey, pdpol_wu_jian_five_deadly_venoms, lair_entry_dummy,
          hiddenorc2_lemuel, kennysheep_boxes
D:10:     layout_loops_ring, solitary_fountain, grunt_ministairs_12,
          minivault_13
D:11:     layout_basic, nicolae_uskayaw_dance_hall, uniq_erolcha, uniq_fannar
D:12:     layout_irregular_city
D:13:     layout_loops_corners, ximxim_vaults_locker_room
D:14:     layout_long_grid, serial_park_square3 [serial_park_minivault_5x5_1],
          minmay_misc_feat_roman, trog_butcher_becter, uniq_agnes
D:15:     grunt_enter_depths_hoard, layout_basic, serial_park_paths
          [serial_park_minivault_5x5_3]
Temple:   minmay_temple_curvy_loop
Lair:1:   layout_chaotic_city, minmay_lair_oklob_chamber
Lair:2:   layout_roguey, chequers_serial_rivers_small_a,
          grunt_forest_stairs_basic, st_stairs_3
Lair:3:   gammafunk_indiana_jones, layout_regular_city,
          minmay_shoals_entry_beasts, gammafunk_ghost_wrathful_warriors
Lair:4:   layout_regular_city, minmay_snake_entry_guardpost_small,
          serial_bayou_crossing, lemuel_fruit_tree
Lair:5:   layout_cave_pods, gammafunk_ghost_arena, st_stairs_11,
          minmay_lair_drake_nest
Lair:6:   hellmonk_lair_end_abyssal_woods, layout_small_grid, slime_altar_2,
          grunt_megastairs_3, uniq_nessos
Shoals:1: layout_shoals, centaur_isle, uniq_kirke, uniq_frances
Shoals:2: layout_shoals, nicolae_shoals_pincushion_passage, uniq_jorgrun
Shoals:3: layout_shoals
Shoals:4: shoals_end_grunt_ice, layout_shoals
Snake:1:  layout_misc_corridors, ebering_ghost_gozag, drop_trap,
          nicolae_snake_salamander_fort, serial_bayou_shore_b,
          grunt_megastairs_4
Snake:2:  layout_honeycomb, ebering_ghost_rock_garden
Snake:3:  layout_concentric_octagons, nicolae_snake_gridmaze_entwining
Snake:4:  grunt_snake_rune_pools, layout_misc_corridors, grunt_megastairs_2
Orc:1:    layout_diamond_mine
Orc:2:    st_orc_ogre_mass, layout_caves, serial_shops, shop_coins,
          nicolae_orc_rockfall
Elf:1:    layout_loops_ring, minmay_shop_grove, uniq_asterion
Depths:1: layout_gridville, pf_coc_iceberg, pan_entry,
          nicolae_trove_entry_isolated, grunt_ministairs_10,
          lemuel_blue_sif_altar

Skill      XL: |  1  2  3  4  5  6  7  8  9 10 11 12 13 14 15 16 17 18 19 20 |
---------------+-------------------------------------------------------------+-----
Fighting       | 1 2 3 5 6 8 9 10 11 12 13 14 15 16 17 | 17.5
Dodging        | 3 4 5 6 7 9 10 11 13 14 15 16 17 18 19 | 19.0
Spellcasting   | 3 4 5 6 7 8 9 10 11 12 13 14 | 14.2
Shields        | 1 2 3 4 |  4.0
Invocations    | 1 3 4 5 6 7 8 9 10 11 12 | 12.5
Evocations     | 3 5 6 7 8 9 10 | 10.7
Stealth        | |  1.5

Action                   |  1- 3 |  4- 6 |  7- 9 | 10-12 | 13-15 | 16-18 | 19-21 || total
-------------------------+-------+-------+-------+-------+-------+-------+-------++-------
Melee: Dagger            |     7 |       |       |       |       |       |       ||     7
       Staff             |       |     7 |     8 |       |       |       |       ||    15
       Falchion          |       |       |    50 |    27 |       |       |       ||    77
       Spear             |       |       |   159 |   650 |    79 |       |       ||   888
       Rapier            |       |       |       |       |   261 |   628 |   518 ||  1407
       Whip              |       |       |       |       |    79 |       |       ||    79
       Scimitar          |       |       |       |       |       |       |    13 ||    13
 Cast: Magic Dart        |    63 |    56 |    63 |    10 |    24 |     2 |     1 ||   219
       Foxfire           |     3 |    40 |    72 |    52 |     2 |     2 |     1 ||   172
       Call Imp          |     2 |     2 |    21 |    49 |    22 |    11 |       ||   107
       Mephitic Cloud    |       |     6 |    22 |    56 |    43 |    63 |     8 ||   198
       Conjure Flame     |       |     1 |    15 |     7 |     1 |     1 |       ||    25
       Blink             |       |       |    13 |     7 |    22 |     4 |     6 ||    52
       Slow              |       |       |       |     1 |       |     1 |       ||     2
       Fireball          |       |       |       |    24 |    74 |   170 |     4 ||   272
       Tukima's Dance    |       |       |       |     1 |       |     3 |     1 ||     5
       Lee's Rapid Decon |       |       |       |       |    28 |    30 |    52 ||   110
       Starburst         |       |       |       |       |    15 |    13 |     4 ||    32
       Summon Hydra      |       |       |       |       |       |     2 |    11 ||    13
       Ozocubu's Refrige |       |       |       |       |       |       |    60 ||    60
Invok: Disaster Area     |       |       |       |       |     2 |       |       ||     2
  Use: Scroll            |       |       |       |     6 |    13 |     9 |     3 ||    31
       Potion            |       |       |       |       |     2 |     1 |       ||     3
 Stab: Confused          |       |     1 |    10 |    57 |    26 |    51 |     6 ||   151
       Distracted        |       |       |     1 |     1 |     1 |     1 |       ||     4
Armor: Robe              |     4 |     3 |    24 |    39 |    45 |    59 |    26 ||   200
       Scale mail        |       |       |       |       |       |       |     2 ||     2
       Ring mail         |       |       |       |       |       |       |    24 ||    24
Dodge: Dodged            |    15 |    20 |   115 |   279 |   269 |   516 |   311 ||  1525
       Repelled          |       |       |     3 |     6 |     8 |    12 |    21 ||    50
Block: Buckler           |       |       |    65 |   326 |   376 |   630 |   617 ||  2014
       Reflection        |       |       |       |       |       |    15 |    65 ||    80
       Rpst.: Falchion   |       |       |     7 |     9 |       |       |       ||    16
       Scimitar          |       |       |       |       |       |       |     1 ||     1
